 Dungeon Crawl Stone Soup version 0.26-a0-668-gd58323b419 (webtiles) character file.

Game seed: 13785998857771345587

62 marklar909 the Skirmisher (level 4, 0/37 HPs)
             Began as a Formicid Abyssal Knight on Oct 19, 2020.
             Was a Follower of Lugonu.
             Slain by an ice beast (12 damage)
             ... on level 2 of the Dungeon.
             The game lasted 00:02:57 (2298 turns).

marklar909 the Skirmisher (Formicid Abyssal Knight) Turns: 2298, Time: 00:02:58

Health: 0/37       AC:  8    Str: 17    XL:     4   Next: 28%
Magic:  5/5        EV: 10    Int: 11    God:    Lugonu [*.....]
Gold:   89         SH:  0    Dex: 11    Spells: 3/3 levels left

rFire    . . .     SeeInvis +   a - +1 spear
rCold    . . .     Faith    .   (no shield)
rNeg     . . .     Spirit   .   f - +0 ring mail
rPois    .         Reflect  .   (helmet unavailable)
rElec    .         Harm     .   r - +0 cloak
rCorr    .         Rampage  .   l - +1 pair of gloves
MR       .....                  (no boots)
Stlth    +.........             (no amulet)
HPRegen  0.12/turn              (no ring)
MPRegen  0.09/turn              (no ring)

@: no status effects
A: permanent stasis, dig shafts and tunnels, four strong arms, antennae 3
a: Dig, Shaft Self, Depart the Abyss, Renounce Religion


You were on level 2 of the Dungeon.
You worshipped Lugonu.
Lugonu was aware of your devotion.
You visited 1 branch of the dungeon, and saw 3 of its levels.
You visited the Abyss 1 time.

You collected 89 gold pieces.

Inventory:

Hand Weapons
 a - a +1 spear (weapon)
Missiles
 k - 26 poisoned darts (quivered)
Armour
 f - a +0 ring mail (worn)
 l - a +1 pair of gloves (worn)
 p - a +0 buckler
 r - a +0 cloak (worn)
Jewellery
 m - an uncursed ring of flight {unknown}
Scrolls
 b - 2 scrolls of amnesia {unknown}
 c - 3 scrolls of teleportation {unknown}
 e - a scroll of remove curse {unknown}
 g - 2 scrolls of identify {unknown}
 j - a scroll of blinking {unknown}
 n - a scroll of fog {unknown}
 o - a scroll of fear {unknown}
Potions
 d - 2 potions of heal wounds {unknown}
 h - a potion of curing {unknown}
 i - a potion of haste {unknown}
 q - 2 potions of flight {unknown}


   Skills:
 + Level 3.8 Fighting
 + Level 3.1 Polearms
 + Level 1.2 Throwing
 + Level 2.4 Armour
 + Level 1.0 Dodging
 + Level 2.5 Invocations


You had 3 spell levels left.
You didn't know any spells.
Your spell library was empty.

Dungeon Overview and Level Annotations

Branches:
Dungeon (3/15)

Altars:
Zin


Innate Abilities, Weirdness & Mutations

You cannot be hasted, slowed, berserked, paralysed or teleported.
You can dig through walls and to a lower floor.
Your four strong arms can wield two-handed weapons with a shield.
You have a pair of large antennae on your head. (SInv)


Message History

The ice beast looks more healthy.
Throwing (i - inventory)
k - 29 poisoned darts (quivered)
Press: ? - help, Shift-Dir - straight line, f - ice beast
Aim: an ice beast (moderately wounded)
You throw a poisoned dart.
The poisoned dart closely misses the ice beast.
The ice beast hits you but does no damage.
Throwing (i - inventory)
k - 28 poisoned darts (quivered)
Press: ? - help, Shift-Dir - straight line, f/p - ice beast
Aim: an ice beast (moderately wounded)
You throw a poisoned dart.
The poisoned dart completely misses the ice beast.
The ice beast hits you. The ice beast freezes you!
Throwing (i - inventory)
k - 27 poisoned darts (quivered)
Press: ? - help, Shift-Dir - straight line, f/p - ice beast
Aim: an ice beast (moderately wounded)
You throw a poisoned dart. The poisoned dart hits the ice beast.
The ice beast is moderately wounded.
The ice beast hits you. The ice beast freezes you!
You die...

#......[...#
##########.####.>#
.......###.####..#
######........#..#
##.#####.#..# #<# #.#..#
#.# #.#..# #.# #.#.Y#
#######.# #.#.@# .....##.#
#.#..# ##########
####....# #.#..#
#......... # #..###
#....## #.######## # #..#
###)..######.# # #..#
#..........#
####..#########.#.########
................#.#
########........#.#


You could see an ice beast.

Vanquished Creatures
  2 adders (D:2)
  An ooze (D:1)
  A worm (D:3)
  3 dart slugs
  A leopard gecko (D:1)
  2 giant cockroaches
  5 goblins
  4 hobgoblins
  4 bats
  3 frilled lizards
  3 kobolds (D:2)
  3 rats
32 creatures vanquished.

Notes
Turn   | Place    | Note
-------+----------+-------------------------------------------
     0 | Abyss:1  | marklar909 the Formicid Abyssal Knight began the quest for
                  | the Orb.
     0 | Abyss:1  | Reached XP level 1. HP: 18/18 MP: 2/2
    52 | Abyss:1  | Noticed a small abomination
    67 | D:1      | Escaped the Abyss
   280 | D:1      | Reached XP level 2. HP: 23/24 MP: 3/3
   284 | D:1      | Reached skill level 1 in Dodging
  1250 | D:2      | Reached XP level 3. HP: 30/30 MP: 4/4
  1602 | D:2      | Found a glowing silver altar of Zin.
  2089 | D:2      | Reached skill level 1 in Throwing
  2089 | D:2      | Reached XP level 4. HP: 33/37 MP: 5/5
  2250 | D:3      | Reached * piety under Lugonu
  2271 | D:3      | Noticed an ice beast
  2298 | D:2      | Slain by an ice beast

Illustrated notes

Levels and vault maps discovered:
D:1:      minmay_arrival_open_corners, layout_basic
D:2:      layout_loops_ring, lemuel_statue_altar
D:3:      layout_rooms, chequers_temple_overflow_minitemple

Skill      XL: |  1  2  3  4 |
---------------+-------------+-----
Dodging        | 1 |  1.0
Throwing       | 1 |  1.2
Polearms       | 3 |  3.1
Fighting       | |  3.8
Armour         | |  2.4
Invocations    | |  2.5

Action                   |  1- 3 |  4- 6 || total
-------------------------+-------+-------++-------
Melee: Spear             |    77 |    20 ||    97
Throw: Dart              |    33 |    23 ||    56
Invok: Depart the Abyss  |     1 |       ||     1
Armor: Leather armour    |     6 |       ||     6
       Ring mail         |    20 |     6 ||    26
Dodge: Dodged            |    41 |     6 ||    47

Table legend: (Time is in decaauts)
 A = Elapsed time spent in this place.
 B = Non-inter-level travel time spent in this place.
 C = Inter-level travel time spent in this place.
 D = Time resting spent in this place.
 E = Time spent auto-exploring this place.
 F = Levels seen in this place.
 G = Mean time per level.
                   A        B        C        D        E       F      G
               +--------+--------+--------+--------+--------+-----+--------+
         Total |   2294 |   2135 |    159 |    242 |   1560 |   4 |  573.5 |
       Dungeon |   2227 |   2068 |    159 |    242 |   1509 |   3 |  742.3 |
         Abyss |     67 |     67 |      0 |      0 |     51 |   1 |   67.0 |
               +--------+--------+--------+--------+--------+-----+--------+

Top non-repeatable levels by time:
     D:1: 1131 daAuts
     D:2: 1000 daAuts
     D:3: 94 daAuts
 Abyss:1: 67 daAuts
